 Dungeon Crawl Stone Soup version 0.28.0-53-g5a82cb258f (webtiles) character file.

Game seed: 8662851476673959402

126 Mesimayra the Magician (level 5, -2/38 HPs)
             Began as a Djinni Fire Elementalist on Aug 14, 2022.
             Slain by Terence
             ... wielding a +0 mace
              (4 damage)
             ... on level 3 of the Dungeon.
             The game lasted 00:06:34 (4015 turns).

Mesimayra the Magician (Djinni Fire Elementalist)   Turns: 4015, Time: 00:06:35

Health: -2/38      AC:  3    Str:  7    XL:     5   Next: 31%
Gold:   108        EV: 13    Int: 18    God:
                   SH:  0    Dex: 14

rFire   + + .      SeeInvis .   f - staff of poison
rCold   x . .      Faith    .   (no shield)
rNeg    . . .      Spirit   .   a - +0 robe
rPois   ∞          Reflect  .   (no helmet)
rElec   .          Harm     .   (no cloak)
rCorr   .          Rampage  .   c - +0 pair of gloves
Will    .....                   (boots unavailable)
Stlth   ++........              (no amulet)
HPRegen 0.12/turn               (no ring)
MPRegen 0.00/turn               (no ring)

@: flying
A: sickness immunity, fire resistance 2, cold vulnerability 1, float, innate
caster, HP casting, extra vitality 1
a: no special abilities


You were on level 3 of the Dungeon.
You visited 1 branch of the dungeon, and saw 3 of its levels.

You collected 108 gold pieces.

Inventory:

Hand Weapons
 e - a +0 dagger
Armour
 a - a +0 robe (worn)
 c - a +0 pair of gloves (worn)
Magical Staves
 f - a staff of poison (weapon)
Scrolls
 b - a scroll of noise
 d - a scroll of enchant weapon {unknown}
 h - a scroll of teleportation {unknown}
 l - a scroll of immolation
Potions
 i - a potion of lignification {unknown}
 j - a potion of haste {unknown}
 k - a potion of attraction {unknown}


   Skills:
 + Level 2.0 Fighting
 + Level 3.3 Dodging
 - Level 1.5 Stealth
 * Level 3.5 Spellcasting


You couldn't memorise any spells.
You knew the following spells:

 Your Spells              Type           Power      Damage    Failure   Level
a - Foxfire               Conj/Fire      60%        2x1d7     3%          1
b - Scorch                Fire           30%        2d7       5%          2
c - Conjure Flame         Conj/Fire      15%        6-21      11%         3
d - Inner Flame           Hex/Fire       15%        N/A       11%         3
e - Flame Wave            Conj/Fire      15%        2d6       36%         4
f - Sting                 Tmut/Pois      92%        1d7       3%          1
g - Ensorcelled Hibernat  Hex/Ice        30%        N/A       5%          2
Your spell library was empty.

Dungeon Overview and Level Annotations

Branches:
Dungeon (3/15)

Altars:

Shops:
D:1 !

Annotations:
D:3 Terence


Innate Abilities, Weirdness & Mutations

You are immune to sickness and miasma.
You are immune to poison.
Your flesh is very heat resistant. (rF++)
You are vulnerable to cold. (rC-)
You float through the air rather than walking.
You learn spells naturally, not from books.
Your magical power is your life essence.
You have superior vitality. (+4 MHP)


Message History

A puff of flame appears from out of thin air!
The puff of flame hits you. You resist. Terence says, "How do you enjoy it?"
You see here a bat corpse.
You're too confused to cast spells.
You feel less confused. Terence hits you with a +0 mace!
Casting: Scorch (safe; 5% risk of failure)
Confirm with . or Enter, or press ? or * to list all spells.
Aiming: Ensorcelled Hibernation (safe; 5% risk of failure)
Press: ? - help, Shift-Dir - straight line, f - Terence
Aim: Terence, wielding a +0 mace and wearing a +0 scale mail (chance to affect: 57%) Terence resists with significant effort.
Terence misses you.
Casting: Ensorcelled Hibernation (safe; 5% risk of failure)
Confirm with . or Enter, or press ? or * to list all spells.
Aiming: Ensorcelled Hibernation (safe; 5% risk of failure)
Press: ? - help, Shift-Dir - straight line, f/p - Terence
Aim: Terence, wielding a +0 mace and wearing a +0 scale mail (chance to affect: 57%) Terence looks drowsy...
You hear some strange, mumbled words.
Something tries to affect you, but you resist.
You hear some strange, mumbled words.
You are confused.
Terence shouts!
You hear a shout!
Something hits you. Something hits you. Something hits you.
* * * LOW HITPOINT WARNING * * *
You hit Terence but do no damage. Something hits you.
* * * LOW HITPOINT WARNING * * *
Terence hits you with a +0 mace.
* * * LOW HITPOINT WARNING * * *
You're too confused to move!
You feel less confused. Something hits you.
* * * LOW HITPOINT WARNING * * *
Terence hits you with a +0 mace.
You die...

'.### ##...###
#......###
##........###. .
#............ #
##..........# ###
#...........# ..###
##..........# ....###
#.....†{@...#
......#####....@...##
........#.###......#
.......##...###...##
.......#......###.#
......##........#'#
......#...........#
.....##........).##
.....#....÷..)...#


You could see Terence.

Vanquished Creatures
  A gnoll (D:3)
  6 adders
  2 worms (D:3)
  2 dart slugs (D:2)
  2 orcs (D:3)
  2 ball pythons
  4 endoplasms
  2 giant cockroaches
  8 goblins
  4 hobgoblins
  A quokka (D:1)
  7 bats
  2 kobolds
  7 rats
50 creatures vanquished.

Vanquished Creatures (others)
  20 foxfires
20 creatures vanquished.

Grand Total: 70 creatures vanquished

Notes
Turn   | Place    | Note
-------+----------+-------------------------------------------
     0 | D:1      | Mesimayra the Djinni Fire Elementalist began the quest for
                  | the Orb.
     0 | D:1      | Reached XP level 1. HP: 15/15 MP: 0/0
   627 | D:1      | Reached XP level 2. HP: 16/22 MP: 0/0
   915 | D:1      | Found Aqemir's Distillery.
  1509 | D:1      | Reached skill level 1 in Fighting
  1509 | D:1      | Reached XP level 3. HP: 27/27 MP: 0/0
  1509 | D:1      | Learned a level 1 spell: Sting
  2127 | D:2      | Found a faded altar of an unknown god.
  2638 | D:2      | Reached XP level 4. HP: 25/32 MP: 0/0
  3397 | D:3      | Reached XP level 5. HP: 12/38 MP: 0/0
  3397 | D:3      | Learned a level 2 spell: Ensorcelled Hibernation
  4004 | D:3      | Noticed Terence
  4015 | D:3      | Slain by Terence

Illustrated notes

Levels and vault maps discovered:
D:1:      sevenhm_arrival_forest_fort_small_6, layout_loops_ring, serial_shops,
          nicolae_shop_statue_plus
D:2:      layout_loops_corners, nicolae_ecumenical_oubliette, roderic_lattice_a
D:3:      minmay_skewed_foursquare, layout_basic, grunt_qazlal_sundering,
          uniq_terence

Skill      XL: |  1  2  3  4  5 |
---------------+----------------+-----
Fighting       | 1 2 |  2.0
Spellcasting   | 3 |  3.5
Dodging        | 3 |  3.3
Stealth        | |  1.5

Action                   |  1- 3 |  4- 6 || total
-------------------------+-------+-------++-------
Melee: Dagger            |    55 |       ||    55
       Staff             |     2 |     1 ||     3
 Cast: Foxfire           |    14 |     3 ||    17
       Scorch            |    20 |    35 ||    55
       Sting             |     4 |     4 ||     8
       Ensorcelled Hiber |       |     3 ||     3
  Use: Scroll            |       |     2 ||     2
 Stab: Sleeping          |     2 |       ||     2
Armor: Robe              |    23 |       ||    23
Dodge: Dodged            |    44 |     9 ||    53
